 Dungeon Crawl Stone Soup version 0.24-a0-479-g9a978d2894 (webtiles) character file.

Game seed: 16944338937752949103

94 Gargoyl the Skirmisher (level 4, -7/40 HPs)
             Began as a Centaur Abyssal Knight on July 6, 2019.
             Was a Follower of Lugonu.
             Mangled by an ogre
             ... wielding a +0 giant spiked club
              (18 damage)
             ... on level 3 of the Dungeon.
             The game lasted 00:03:19 (2098 turns).

Gargoyl the Skirmisher (Centaur Abyssal Knight)     Turns: 2098, Time: 00:03:20

Health: -7/40      AC: 11    Str: 14    XL:     4   Next: 38%
Magic:  5/5        EV:  2    Int: 11    God:    Lugonu [*.....]
Gold:   159        SH:  4    Dex: 10    Spells: 3/3 levels left

rFire    . . .     SeeInvis .   a - +1 hand axe
rCold    . . .     Gourm    .   (no shield)
rNeg     . . .     Faith    .   d - +0 plate armour
rPois    .         Spirit   .   i - +0 helmet
rElec    .         Reflect  .   (no cloak)
rCorr    .         Harm     .   g - +0 pair of gloves
MR       .....     Clarity  +   (no barding)
Stlth    ..........             (no amulet)
HPRegen  0.13/turn              e - ring of attention
MPRegen  0.09/turn              (no ring)

@: very quick
A: large, hooves 3, large bone plates 1, clarity, deformed body, speed 2, sense
surroundings 1, tough skin 3, wild magic 1
a: Depart the Abyss, Renounce Religion


You were on level 3 of the Dungeon.
You worshipped Lugonu.
Lugonu was aware of your devotion.
You were not hungry.

You visited 1 branch of the dungeon, and saw 3 of its levels.
You visited the Abyss 1 time.

You collected 159 gold pieces.

Inventory:

Hand Weapons
 a - a +1 hand axe (weapon)
Armour
 d - a +0 plate armour (worn)
 g - a +0 pair of gloves (worn)
 i - a +0 helmet (worn)
Jewellery
 e - a ring of attention (left hand)
Scrolls
 f - 2 scrolls of remove curse
 h - 2 scrolls of teleportation
 j - a scroll of blinking
 m - a scroll of identify
Potions
 k - a potion of degeneration {unknown}
Comestibles
 b - a chunk of flesh
 c - 4 rations


   Skills:
 + Level 3.8 Fighting
 + Level 3.0 Axes
 + Level 1.8 Armour
 + Level 1.0 Dodging
 + Level 2.2 Invocations


You had 3 spell levels left.
You didn't know any spells.
Your spell library was empty.

Dungeon Overview and Level Annotations

Branches:
Dungeon (3/15)

Altars:


Innate Abilities, Weirdness & Mutations

You have hooves in place of feet.
Armour fits poorly on your strangely shaped body.
You cover ground very quickly.
You have extremely tough skin. (AC +3)
You are partially covered in large bone plates. (SH +4)
You possess an exceptional clarity of mind.
You passively map a small area around you.
Your spells are a little harder to cast, but a little more powerful.


Message History

You hit the ogre.
The ogre is lightly wounded.
The ogre hits you with a +0 giant spiked club.
You hit the ogre.
The ogre is lightly wounded.
You block the ogre's attack.
You slash the ogre!
The ogre is heavily wounded.
The ogre hits you with a +0 giant spiked club!
You hit the ogre but do no damage. You kick the ogre, but do no damage.
The ogre is heavily wounded.
Your plate armour prevents you from hitting the ogre.
You kick the ogre, but do no damage.
The ogre is heavily wounded.
The ogre hits you with a +0 giant spiked club!
* * * LOW HITPOINT WARNING * * *
You hit the ogre. You kick the ogre.
The ogre is severely wounded.
The ogre hits you with a +0 giant spiked club!!
You die...

#######!..# ##### *
..........#########...#
..............>..##...# * *
,........†.###....##...#
..........# #[...##...#
.)........###.....#...# ,,
..........'.......#...# **
#######O..##......#...#
#..)@##.##......#..)# *
#.=).##.#.....#.#...#
......'....'..#.#...#......
#######....#..#.#...#..####
######........#..#... ,
##.#.#..#....... , * *
****#.#.#......#.## , ,
#.#...÷..#.#.# *
#..#..)....#<#


You could see an ogre.

Vanquished Creatures
  3 adders
  3 gnolls (D:3)
  A worm (D:2)
  2 leopard geckos
  An orc (D:3)
  3 giant cockroaches
  4 hobgoblins
  9 kobolds
  A quokka (D:3)
  5 bats
  A frilled lizard (D:1)
  2 rats (D:3)
35 creatures vanquished.

Notes
Turn   | Place    | Note
-------+----------+-------------------------------------------
     0 | Abyss:1  | Gargoyl the Centaur Abyssal Knight began the quest for the
                  | Orb.
     0 | Abyss:1  | Reached XP level 1. HP: 19/19 MP: 2/2
    49 | Abyss:2  | Found a corrupted altar of Lugonu.
    98 | Abyss:2  | Noticed a small abomination
   102 | D:1      | Escaped the Abyss
   428 | D:1      | Reached * piety under Lugonu
   663 | D:1      | Reached XP level 2. HP: 26/26 MP: 3/3
   931 | D:2      | Noticed a phantom
   941 | D:2      | Reached XP level 3. HP: 15/31 MP: 4/4
   950 | D:2      | Gained mutation: You possess an exceptional clarity of
                  | mind. [potion of mutation]
   950 | D:2      | Gained mutation: Your spells are a little harder to cast,
                  | but a little more powerful. [potion of mutation]
   950 | D:2      | Gained mutation: You are partially covered in large bone
                  | plates. (SH +4) [potion of mutation]
   950 | D:2      | Gained mutation: You passively map a small area around you.
                  | [potion of mutation]
  1446 | D:3      | Noticed an ogre
  1904 | D:3      | Reached XP level 4. HP: 30/39 MP: 5/5
  1914 | D:3      | Reached skill level 1 in Dodging
  2098 | D:3      | Mangled by an ogre

Levels and vault maps discovered:
D:1:      dpeg_arrival_oval, layout_basic, wad_floor_pattern_1
D:2:      layout_basic, minmay_randomly_rotated_circles
D:3:      layout_basic

Skill      XL: |  1  2  3  4 |
---------------+-------------+-----
Axes           | 2 3 |  3.0
Dodging        | 1 |  1.0
Fighting       | |  3.8
Armour         | |  1.8
Invocations    | |  2.2

Action                   |  1- 3 |  4- 6 || total
-------------------------+-------+-------++-------
Melee: Hand axe          |   113 |    16 ||   129
       Kick              |    17 |     5 ||    22
Invok: Depart the Abyss  |     1 |       ||     1
  Use: Scroll            |     6 |       ||     6
       Potion            |     2 |       ||     2
  Eat: Chunk             |     2 |     1 ||     3
Armor: Plate armour      |   120 |     5 ||   125
Dodge: Dodged            |     8 |       ||     8
Block: Other             |    13 |     3 ||    16

Table legend:
 A = Non-vault XP
 B = Vault XP
 C = Vault XP percentage of total XP
 D = Non-vault monster count
 E = Vault monster count
 F = Vault count percentage of total count
                 A         B        C        D         E       F
            +---------+---------+-------+---------+---------+-------
      Total |     135 |       0 |   0.0 |      35 |       0 |   0.0
            +---------+---------+-------+---------+---------+-------
        D:1 |      12 |       0 |   0.0 |       8 |       0 |   0.0
        D:2 |      33 |       0 |   0.0 |       9 |       0 |   0.0
        D:3 |      90 |       0 |   0.0 |      18 |       0 |   0.0
            +---------+---------+-------+---------+---------+-------
